 Dungeon Crawl Stone Soup version 0.26-a0-1035-g76280ab330 (webtiles) character file.

Game seed: 2888843977610619124

1206 raph the Geomancer (level 8, -6/41 HPs)
             Began as a Gargoyle Earth Elementalist on Dec 10, 2020.
             Killed by divine providence
             ... invoked by an orc priest
              (10 damage)
             ... on level 6 of the Dungeon.
             The game lasted 00:11:46 (7114 turns).

raph the Geomancer (Gargoyle Earth Elementalist)    Turns: 7114, Time: 00:11:47

Health: -6/41      AC:  9    Str: 12    XL:     8   Next: 45%
Magic:  2/11       EV: 12    Int: 18    God:
Gold:   279        SH:  0    Dex: 16    Spells: 3/11 levels left

rFire    . . .     SeeInvis .   y - +4 rapier "Ziprik" {vamp, Dex+6}
rCold    . . .     Faith    .   (no shield)
rNeg     + . .     Spirit   .   c - +0 robe
rPois    ∞         Reflect  .   (no helmet)
rElec    +         Harm     .   k - +1 cloak
rCorr    +         Rampage  .   (no gloves)
Will     .....                  (no boots)
Stlth    ++........             (no amulet)
HPRegen  0.13/turn              v - ring of resist corrosion
MPRegen  0.12/turn              (no ring)

@: no status effects
A: negative energy resistance 1, electricity resistance, unbreathing,
petrification resistance, rot immunity, AC +5
a: no special abilities


You were on level 6 of the Dungeon.
You visited 1 branch of the dungeon, and saw 6 of its levels.

You collected 279 gold pieces.

Inventory:

Hand Weapons
 a - a +0 dagger
 h - a +0 dagger of electrocution
 o - a +2 vampiric dagger
 s - a +4 hand axe
 y - the +4 rapier "Ziprik" (weapon) {vamp, Dex+6}
   (You found it on level 5 of the Dungeon)

   It inflicts no extra harm, but heals its wielder when it wounds a living foe.
   It affects your dexterity (+6).
Missiles
 b - 122 stones
 n - 8 javelins
Armour
 c - a +0 robe (worn)
 k - a +1 cloak (worn)
 u - a +0 buckler
Jewellery
 v - a ring of resist corrosion (left hand)
Scrolls
 f - 2 scrolls of teleportation
 j - 3 scrolls of identify
 l - 2 scrolls of remove curse
 p - a scroll of random uselessness
 r - 4 scrolls of blinking
Potions
 d - a potion of haste {unknown}
 e - 5 potions of magic
 g - 3 potions of curing
 i - 4 potions of lignification
 m - 2 potions of cancellation
 q - a potion of brilliance
 t - 2 potions of ambrosia
 w - a potion of invisibility
 x - a potion of resistance {unknown}


   Skills:
 + Level 1.8 Dodging
 + Level 2.6 Stealth
 * Level 1.6 Shields
 - Level 2.0 Spellcasting
 - Level 6.7 Conjurations
 - Level 0.7 Transmutations
 + Level 9.2 Earth Magic


You had 3 spell levels left.
You knew the following spells:

 Your Spells              Type           Power        Failure   Level
a - Sandblast             Erth           #####.       1%          1
b - Stone Arrow           Conj/Erth      ####..       1%          3
c - Passwall              Tmut/Erth      ###.....     3%          2
d - Blink                 Tloc           N/A          26%         2

Your spell library contained the following spells:

 Spells                   Type           Power        Failure   Level
 Magic Dart               Conj           ####         1%          1
 Conjure Flame            Conj/Fire      ##......     14%         3
 Mephitic Cloud           Conj/Pois/Air  #.......     22%         3
 Call Imp                 Summ           #.......     26%         2
 Slow                     Hex            #.......     26%         2
 Lee's Rapid Deconstruct  Erth           #####.....   11%         5
 Petrify                  Tmut/Erth      ###.....     24%         4


Dungeon Overview and Level Annotations

Branches:
Dungeon (6/15)
 Temple: D:4-7

Altars:

Annotations:
D:3 2 runed translucent doors, MoonlitKnight's ghost, amateur SpBr


Innate Abilities, Weirdness & Mutations

You are resistant to torment.
Your stone body is resilient. (AC +5)
You are immune to poison.
You resist negative energy. (rN+)
You are resistant to electric shocks. (rElec)
You can survive without breathing.
You are immune to petrification.
You are immune to rotting.


Message History

The orc priest is severely wounded.
The orc priest invokes the aid of Beogh against you.
Beogh smites you!
* * * LOW HITPOINT WARNING * * *
The orc priest barely misses you.
The orc priest looks satisfied for a moment.
Casting: Sandblast (safe; 1% risk of failure)
Confirm with . or Enter, or press ? or * to list all spells.
Aiming: Sandblast (safe; 1% risk of failure)
Press: ? - help, Shift-Dir - straight line, f - orc, p - orc priest
Aim: an orc, wearing a +0 leather armour (18% to evade)
The blast of sand hits the orc!
You kill the orc!
b - 122 stones The orc priest calls down the wrath of Beogh upon you.
Beogh smites you!
* * * LOW HITPOINT WARNING * * *
The orc priest mumbles some strange prayers to Beogh against you.
Beogh smites you!
You die...

##.##################
#.# #......o...ooo..
#.# #.....o#########
#.# #......# #.#
#...[..# #.# #.†....#
#.# #......#
#.###......#
#..@.......#
######.##.## #.##...
#.###### #.. #.# ##


You could see an orc priest.

Vanquished Creatures
  An ice beast (D:6)
  A phantom (D:5)
  4 ogres
  A centaur (D:6)
  A bullfrog (D:6)
  4 hounds
  A quasit (D:5)
  2 bullfrog skeletons (D:5)
  Ijyb (D:3)
  An iguana (D:4)
  An orc wizard (D:4)
  2 worker ants (D:5)
  A hound skeleton (D:5)
  A howler monkey skeleton (D:4)
  7 adders
  A white imp (D:5)
  An ufetubus (D:6)
  An ooze (D:4)
  3 adder zombies (D:5)
  A worm (D:2)
  4 dart slugs
  12 orcs
  4 giant cockroaches
  5 goblins
  10 hobgoblins
  3 jackals (D:3)
  A quokka (D:3)
  8 bats
  5 frilled lizards
  A jackal skeleton (D:5)
  4 kobolds
  5 rats
98 creatures vanquished.

Notes
Turn   | Place    | Note
-------+----------+-------------------------------------------
     0 | D:1      | raph the Gargoyle Earth Elementalist began the quest for
                  | the Orb.
     0 | D:1      | Reached XP level 1. HP: 10/10 MP: 3/3
    93 | D:1      | Reached skill level 4 in Earth Magic
   218 | D:1      | Reached XP level 2. HP: 15/15 MP: 1/5
  1436 | D:2      | Reached skill level 5 in Earth Magic
  1436 | D:2      | Reached XP level 3. HP: 19/19 MP: 6/6
  1440 | D:2      | Learned a level 3 spell: Stone Arrow
  1443 | D:2      | Learned a level 2 spell: Passwall
  2323 | D:3      | Noticed Ijyb
  2553 | D:3      | Reached skill level 1 in Conjurations
  2726 | D:3      | Reached XP level 4. HP: 24/24 MP: 4/7
  2773 | D:3      | Found a large runed translucent door.
  2774 | D:3      | Found a large runed translucent door.
  2774 | D:3      | Noticed MoonlitKnight's ghost (amateur SpBr)
  2817 | D:3      | Killed Ijyb
  3426 | D:3      | Reached XP level 5. HP: 28/28 MP: 6/8
  3549 | D:4      | Reached skill level 6 in Earth Magic
  4210 | D:4      | Reached XP level 6. HP: 27/32 MP: 1/9
  4877 | D:5      | Entered Level 5 of the Dungeon
  4899 | D:5      | Reached skill level 7 in Earth Magic
  5095 | D:4      | Reached XP level 7. HP: 7/36 MP: 7/10
  5425 | D:5      | Reached skill level 5 in Conjurations
  5616 | D:5      | Learned a level 2 spell: Blink
  5842 | D:5      | Reached skill level 8 in Earth Magic
  5922 | D:5      | Got a slimy rapier
  5990 | D:5      | Identified the +4 rapier "Ziprik" {vamp, Dex+6} (You found
                  | it on level 5 of the Dungeon)
  6225 | D:5      | Reached XP level 8. HP: 8/41 MP: 6/11
  6797 | D:6      | Reached skill level 9 in Earth Magic
  7049 | D:6      | Reached skill level 1 in Shields
  7114 | D:6      | Killed from afar by an orc priest

Illustrated notes

Levels and vault maps discovered:
D:1:      eino_arrival_druids_welcome, layout_loops_cross
D:2:      layout_loops_cross, patterned_corridor
D:3:      layout_loops_cross, ebering_ghost_disaster_area, uniq_ijyb
D:4:      layout_basic, hangedman_decor_lopped, corner_web_ring
D:5:      layout_basic, minivault_24
D:6:      layout_basic, lemuel_doored_altar, minmay_temple_entry_mini_moons,
          gammafunk_ghost_abyssal_escape, uniq_maggie

Skill      XL: |  1  2  3  4  5  6  7  8 |
---------------+-------------------------+-----
Earth Magic    | 4 5 6 7 8 9 |  9.2
Conjurations   | 1 2 3 4 6 |  6.7
Shields        | 1 |  1.6
Dodging        | |  1.8
Stealth        | |  2.6
Spellcasting   | |  2.0
Transmutations | |  0.7

Action                   |  1- 3 |  4- 6 |  7- 9 || total
-------------------------+-------+-------+-------++-------
Melee: Dagger            |   154 |    40 |       ||   194
       Hand axe          |       |    71 |    26 ||    97
       Rapier            |       |       |    30 ||    30
 Cast: Sandblast         |    26 |    41 |    29 ||    96
       Stone Arrow       |     3 |     4 |    12 ||    19
       Passwall          |     1 |       |       ||     1
  Use: Scroll            |       |    15 |     1 ||    16
 Stab: Sleeping          |     2 |       |       ||     2
Armor: Robe              |    83 |    78 |    39 ||   200
Dodge: Dodged            |   148 |    83 |    55 ||   286

Table legend: (Time is in decaauts)
 A = Elapsed time spent in this place.
 B = Non-inter-level travel time spent in this place.
 C = Inter-level travel time spent in this place.
 D = Time resting spent in this place.
 E = Time spent auto-exploring this place.
 F = Levels seen in this place.
 G = Mean time per level.
                   A        B        C        D        E       F      G
               +--------+--------+--------+--------+--------+-----+--------+
         Total |   7148 |   7030 |    118 |   3375 |   2459 |   6 | 1191.3 |
       Dungeon |   7148 |   7030 |    118 |   3375 |   2459 |   6 | 1191.3 |
               +--------+--------+--------+--------+--------+-----+--------+

Top non-repeatable levels by time:
     D:4: 1647 daAuts
     D:5: 1619 daAuts
     D:2: 1295 daAuts
     D:1: 1131 daAuts
     D:3: 1099 daAuts
     D:6: 354 daAuts
